 Dungeon Crawl Stone Soup version 0.23-a0-655-g3751e1c (webtiles) character file.

154 MalarOregon the Chiller (level 5, -9/37 HPs)
             Began as a Merfolk Ice Elementalist on Jan 6, 2019.
             Killed from afar by a deep elf mage (31 damage)
             ... with a stone arrow
             ... on level 6 of the Dungeon on Jan 7, 2019.
             The game lasted 00:35:01 (2866 turns).

MalarOregon the Chiller (Merfolk Ice Elementalist)  Turns: 2866, Time: 00:35:02

Health: -9/37      AC:  2    Str:  8    XL:     5   Next: 35%
Magic:  2/9        EV: 17    Int: 15    God:
Gold:   140        SH:  0    Dex: 15    Spells: 4/10 levels left

rFire    . . .     SeeInvis .   b - +1 trident
rCold    . . .     Gourm    .   (no shield)
rNeg     . . .     Faith    .   a - +0 robe
rPois    .         Spirit   .   (no helmet)
rElec    .         Reflect  .   (no cloak)
rCorr    .         Harm     .   (no gloves)
MR       .....                  (no boots)
Stlth    ++........             (no amulet)
HPRegen  0.12/turn              d - +3 ring of evasion
MPRegen  0.11/turn              (no ring)

@: no status effects
A: change form in water, swift swim, stealthy swim
a: no special abilities


You were on level 6 of the Dungeon.
You were not hungry.

You visited 1 branch of the dungeon, and saw 4 of its levels.

You collected 140 gold pieces.

Inventory:

Hand Weapons
 b - a +1 trident (weapon)
   (You took it off an orc on level 3 of the Dungeon)
Armour
 a - a +0 robe (worn)
Jewellery
 d - a +3 ring of evasion (left hand)
   (You found it on level 1 of the Dungeon)
Scrolls
 h - a scroll of remove curse {@r2}
Potions
 f - 2 potions of flight
 g - a potion of curing {@q1}
 i - a potion of invisibility {unknown}
 j - a potion of haste {unknown}
 l - a potion of degeneration {unknown}
 m - a potion of might {unknown}
Comestibles
 c - 6 chunks of flesh
 e - 9 rations {!d}


   Skills:
 - Level 1.2 Fighting
 + Level 1.9 Polearms
 - Level 3.7 Dodging
 - Level 2.1 Stealth
 + Level 3.0 Spellcasting
 + Level 1.6 Conjurations
 + Level 4.3 Ice Magic


You had 4 spell levels left.
You knew the following spells:

 Your Spells              Type           Power        Failure   Level  Hunger
a - Freeze                Ice            ###.         3%          1    #......
b - Ozocubu's Armour      Chrm/Ice       #.......     26%         3    ###....
x - Throw Frost           Conj/Ice       ##....       9%          2    ##.....

Your spell library contained the following spells:

 Spells                   Type           Power        Failure   Level  Hunger
 Throw Icicle             Conj/Ice       ##......     52%         4    #####..
 Summon Ice Beast         Ice/Summ       #.......     63%         4    #####..


Dungeon Overview and Level Annotations

Branches:
Dungeon (3/15)

Altars:


Message History

You reach to attack!
You hit the orc. You puncture the orc!
You kill the orc!
Your Spellcasting skill increases to level 3!
You start resting.
You now have 140 gold pieces (gained 15).
Things that are here:
a +0 club; a +0 dagger; an orc corpse You butcher the orc corpse.
c - 4 chunks of flesh
Things that are here:
a +0 club; a +0 dagger; an orc skeleton
Things that are here:
a +0 club; a +0 dagger; an orc skeleton
Things that are here:
a +0 club; an orc corpse You butcher the orc corpse.
c - 6 chunks of flesh (gained 2)
Things that are here:
a +0 club; an orc skeleton
Things that are here:
a +0 club; an orc skeleton You fall through a shaft for 3 floors!
The shaft crumbles and collapses.
Found a scroll of remove curse.
A deep elf mage comes into view. It is wielding a +0 short sword.
Aim: a deep elf mage, wielding a +0 short sword and wearing a +0 ring mail You freeze the deep elf mage.
The deep elf mage hits you but does no damage.
Aim: a deep elf mage, wielding a +0 short sword and wearing a +0 ring mail You freeze the deep elf mage.
The deep elf mage misses you.
Aim: a deep elf mage, wielding a +0 short sword and wearing a +0 ring mail You freeze the deep elf mage.
The deep elf mage closely misses you.
Aim: a deep elf mage, wielding a +0 short sword and wearing a +0 ring mail You freeze the deep elf mage.
The deep elf mage gestures at you while chanting.
The bolt of magma hits you!
Aim: a deep elf mage, wielding a +0 short sword and wearing a +0 ring mail You freeze the deep elf mage.
The deep elf mage mumbles some strange words.
The deep elf mage blinks!
Aim: a deep elf mage, wielding a +0 short sword and wearing a +0 ring mail You freeze the deep elf mage.
The deep elf mage hits you with a +0 short sword.
Aim: a deep elf mage, wielding a +0 short sword and wearing a +0 ring mail You freeze the deep elf mage.
The deep elf mage casts a spell at you. The stone arrow hits you!
Ouch! That really hurt!
You die...

#+++#
+P..#
+...#
+e@8#
#+++#


You could see a deep elf mage.

Vanquished Creatures
  An orc priest (D:3)
  2 gnolls (D:3)
  2 adders
  2 oozes (D:1)
  3 worms
  3 dart slugs
  7 orcs
  3 giant cockroaches
  6 goblins
  5 hobgoblins
  8 jackals
  A quokka (D:3)
  6 bats
  5 frilled lizards
  3 kobolds
  A rat (D:2)
58 creatures vanquished.

Notes
Turn   | Place    | Note
-------+----------+-------------------------------------------
     0 | D:1      | MalarOregon the Merfolk Ice Elementalist began the quest
                  | for the Orb.
     0 | D:1      | Reached XP level 1. HP: 13/13 MP: 3/3
    77 | D:1      | Upgraded the game from 0.23-a0-650-ga4d50d4 to
                  | 0.23-a0-655-g3751e1c
   122 | D:1      | Reached XP level 2. HP: 20/20 MP: 1/5
   126 | D:1      | Learned a level 2 spell: Throw Frost
   172 | D:1      | Reached skill level 1 in Fighting
   250 | D:1      | Reached XP level 3. HP: 19/26 MP: 4/6
  1159 | D:2      | Reached skill level 1 in Conjurations
  1410 | D:2      | Reached XP level 4. HP: 12/32 MP: 0/7
  1765 | D:2      | Found a faded altar of an unknown god.
  2027 | D:3      | Reached skill level 4 in Ice Magic
  2294 | D:3      | Reached skill level 1 in Polearms
  2547 | D:3      | Reached XP level 5. HP: 29/37 MP: 4/9
  2742 | D:3      | Learned a level 3 spell: Ozocubu's Armour
  2859 | D:3      | You fall through a shaft for 3 floors!
  2860 | D:6      | Noticed a deep elf mage
  2866 | D:6      | Killed from afar by a deep elf mage

Vault maps used:
D:1:      tarquinn_simple_flora_water_a
D:2:      chequers_ecumenical_altar_twisty
D:3:      lemuel_castle_with_subvaults, serial_glass, glass_columns_b,
          glass_columns_a, minmay_misc_feat_columns
D:6:      temple_statues, serial_shops, kennysheep_mini_moat,
          guppyfry_early_elven_hall, uniq_duvessa, uniq_pikel

Skill      XL: |  1  2  3  4  5 |
---------------+----------------+-----
Dodging        | 3 |  3.7
Fighting       | 1 |  1.2
Conjurations   | 1 |  1.6
Ice Magic      | 4 |  4.3
Polearms       | 1 |  1.9
Spellcasting   | 3 |  3.0
Stealth        | |  2.1

Action                   |  1- 3 |  4- 6 || total
-------------------------+-------+-------++-------
Melee: Unarmed           |    30 |       ||    30
       Short sword       |    56 |     4 ||    60
       Club              |    12 |       ||    12
       Trident           |       |    31 ||    31
       Spear             |       |    16 ||    16
 Cast: Freeze            |    26 |    27 ||    53
       Throw Frost       |    16 |    17 ||    33
  Use: Scroll            |     3 |     6 ||     9
       Potion            |     1 |       ||     1
 Stab: Sleeping          |     1 |     2 ||     3
  Eat: Chunk             |     3 |     6 ||     9
Armor: Robe              |    12 |     6 ||    18
       Skin              |    26 |       ||    26
Dodge: Dodged            |    65 |    54 ||   119

Table legend:
 A = Non-vault XP
 B = Vault XP
 C = Vault XP percentage of total XP
 D = Non-vault monster count
 E = Vault monster count
 F = Vault count percentage of total count
                 A         B        C        D         E       F
            +---------+---------+-------+---------+---------+-------
      Total |     187 |      33 |  15.0 |      54 |       4 |   6.9
            +---------+---------+-------+---------+---------+-------
        D:1 |      44 |       0 |   0.0 |      19 |       0 |   0.0
        D:2 |      49 |       0 |   0.0 |      18 |       0 |   0.0
        D:3 |      94 |      33 |  26.0 |      17 |       4 |  19.0
            +---------+---------+-------+---------+---------+-------
